 Dungeon Crawl Stone Soup version 0.27-a0-457-gba82baf56e (webtiles) character file.

Game seed: 16874220711161819188

8 Chiseanne the Magician (level 2, 6/22 HPs)
             Began as a Demonspawn Wanderer on Feb 28, 2021.
             Quit the game on level 1 of the Dungeon.
             The game lasted 00:00:41 (176 turns).

Chiseanne the Magician (Demonspawn Wanderer)         Turns: 176, Time: 00:00:42

Health: 6/22       AC:  2    Str: 12    XL:     2   Next: 0%
Magic:  6/6        EV: 11    Int: 14    God:
Gold:   12         SH:  0    Dex: 11    Spells: 6/7 levels left

rFire    . . .     SeeInvis .   b - +0 spear
rCold    . . .     Faith    .   (no shield)
rNeg     . . .     Spirit   .   d - +0 robe
rPois    .         Reflect  .   (helmet restricted)
rElec    .         Harm     .   (no cloak)
rCorr    .         Rampage  .   (no gloves)
Will     .....                  (no boots)
Stlth    ++........             (no amulet)
HPRegen  0.07/turn              (no ring)
MPRegen  0.10/turn              (no ring)

@: no status effects
A: horns 1
a: no special abilities


You were on level 1 of the Dungeon.
You visited 1 branch of the dungeon, and saw 1 of its levels.

You collected 12 gold pieces.

Inventory:

Hand Weapons
 a - a +0 club
 b - a +0 spear (weapon)
 f - a +0 dagger
Armour
 d - a +0 robe (worn)
Potions
 c - 2 potions of curing


   Skills:
 - Level 2.0 Fighting
 - Level 1.0 Dodging
 - Level 2.6 Stealth
 * Level 3.2 Spellcasting
 * Level 1.1 Conjurations
 - Level 1.0 Evocations


You had 6 spell levels left.
You knew the following spells:

 Your Spells              Type           Power        Failure   Level
a - Magic Dart            Conj           20%          14%         1

Your spell library contained the following spells:

 Spells                   Type           Power        Failure   Level
 Blink                    Tloc           N/A          32%         2
 Call Imp                 Summ           2%           32%         2
 Corpse Rot               Necr/Air       N/A          32%         2
 Slow                     Hex            2%           32%         2
 Sublimation of Blood     Necr           1%           32%         2
 Conjure Flame            Conj/Fire      3%           45%         3
 Mephitic Cloud           Conj/Pois/Air  3%           47%         3


Dungeon Overview and Level Annotations

Branches:
Dungeon (1/15)

Altars:


Innate Abilities, Weirdness & Mutations

You have a pair of small horns on your head.


Message History

The ooze quivers.
b - a +0 spear (weapon)
There are monsters nearby!
Reach: b) +0 spear
Press: ? - help, Dir - move target, f - ooze
Aim: an ooze (about 14% to evade your +0 spear)
You reach to attack!
You hit the ooze.
The ooze is heavily wounded.
You barely miss the ooze.
The ooze is heavily wounded.
The ooze hits you.
You hit the ooze but do no damage.
The ooze is heavily wounded.
The ooze barely misses you.
You hit the ooze but do no damage.
The ooze is heavily wounded.
The ooze hits you.
You hit the ooze.
The ooze is heavily wounded.
The ooze misses you.
You barely miss the ooze.
The ooze is heavily wounded.
The ooze completely misses you.
You hit the ooze.
The ooze is heavily wounded.
The ooze misses you.
You hit the ooze.
The ooze is almost dead.
The ooze hits you.
* * * LOW HITPOINT WARNING * * *
You hit the ooze.
You kill the ooze!
Your Conjurations skill increases to level 1!
You hit the kobold but do no damage. The kobold closely misses you.
You hit the kobold.
You kill the kobold!
You have reached level 2!
Your demonic ancestry asserts itself...
A pair of horns grows on your head!
Are you sure you want to abandon this character and quit the game? (Confirm with "yes".)

#..# #.####..#....#
######. #..#
#.'..#..'..<.# #......
#..# #.#..#..#....#
#....#. #..#
#.####..###### #......
#..# #.......# #......
#.##
################...###
#. #...............
###..####...######
+@...# #....'.....
###..# #....#####.
#..# #....# #..#
#....#
###.##J.###.#####+##
.......K##.........#
###J#....†.........#
.......#..........#.
...##...+............


There were no monsters in sight!

Vanquished Creatures
  An ooze (D:1)
  A bat (D:1)
  2 kobolds (D:1)
4 creatures vanquished.

Notes
Turn   | Place    | Note
-------+----------+-------------------------------------------
     0 | D:1      | Chiseanne the Demonspawn Wanderer began the quest for the
                  | Orb.
     0 | D:1      | Chiseanne set off with the following items: a +0 club, a
                  | potion of curing, a +0 robe, a +0 dagger; and the following
                  | spell memorised: Magic Dart; and the following spells
                  | available to memorise: Blink, Call Imp, Corpse Rot, Slow,
                  | Sublimation of Blood, Conjure Flame, Mephitic Cloud
     0 | D:1      | Reached XP level 1. HP: 16/16 MP: 4/4
   174 | D:1      | Reached skill level 1 in Conjurations
   176 | D:1      | Gained mutation: You have a pair of small horns on your
                  | head. [demonic ancestry]
   176 | D:1      | Reached XP level 2. HP: 6/22 MP: 6/6
   176 | D:1      | Quit the game

Illustrated notes

Levels and vault maps discovered:
D:1:      dpeg_arrival_erosion, layout_basic

Skill      XL: |  1 |
---------------+----+-----
Conjurations   | 1 |  1.1
Fighting       | |  2.0
Dodging        | |  1.0
Stealth        | |  2.6
Spellcasting   | |  3.2
Evocations     | |  1.0

Action                   || total
-------------------------++-------
Melee: Club              ||    11
       Spear             ||    11
Armor: Robe              ||     7
Dodge: Dodged            ||    19

Table legend: (Time is in decaauts)
 A = Elapsed time spent in this place.
 B = Non-inter-level travel time spent in this place.
 C = Inter-level travel time spent in this place.
 D = Time resting spent in this place.
 E = Time spent auto-exploring this place.
 F = Levels seen in this place.
 G = Mean time per level.
                   A        B        C        D        E       F      G
               +--------+--------+--------+--------+--------+-----+--------+
         Total |    179 |    179 |      0 |     39 |     74 |   1 |  179.0 |
       Dungeon |    179 |    179 |      0 |     39 |     74 |   1 |  179.0 |
               +--------+--------+--------+--------+--------+-----+--------+

Top non-repeatable levels by time:
     D:1: 179 daAuts
